Cogmind - Beta 13 @@@ ROGUE MODE // 2024.04.13 @ 02:18:41 Player: SovietPaperclip Result: Self-destructed Performance ------------- Evolutions (3) 1500 Regions Visited (4) 800 Robots Destroyed (46) 230 Value Destroyed (1328) 1328 Prototype IDs (3) 60 Alien Tech Used (0) 0 Bonus (0) 0 TOTAL SCORE: 3918 Bonus ------- None Cogmind --------- Core Integrity 700/700 Matter 195/300 Energy 160/160 System Corruption 1% Temperature Cool (0) Movement Flying (98) Ox1 Location -7/Factory Parts ------- > --- POWER (1) -------- Light Nuclear Core > --- PROPULSION (6) --- Improved Flight Unit Improved Flight Unit Improved Flight Unit Improved Flight Unit Improved Flight Unit > --- UTILITY (4) ------ Large Storage Unit Improved Sensor Array Hacking Suite > --- WEAPON (2) ------- Great Maul > --- INVENTORY (15) --- Aerolev Unit Improved Sensor Array Advanced Beam Cannon Heavy Assault Rifle Grenade Launcher Improved Datajack Peak State ------------ > --- POWER ------------ Light Nuclear Core > --- PROPULSION ------- Improved Flight Unit Improved Flight Unit Improved Flight Unit Improved Flight Unit Improved Flight Unit > --- UTILITY ---------- Large Storage Unit Improved Sensor Array Hacking Suite > --- WEAPON ----------- Improved Datajack Great Maul > --- INVENTORY -------- Aerolev Unit Improved Sensor Array Advanced Beam Cannon Heavy Assault Rifle Grenade Launcher [Rating: 32] Favorites ----------- Power Ion Engine Engine Ion Engine Power Core Light Nuclear Core Propulsion Light Treads Treads Light Treads Hover Unit Aerolev Unit Flight Unit Improved Flight Unit Utility Small Storage Unit Device Improved Sensor Array Storage Small Storage Unit Processor Improved Signal Interpreter Hackware Hacking Suite Protection Light Armor Plating Weapon Light Cannon Energy Cannon Advanced Beam Cannon Ballistic Gun Assault Rifle Ballistic Cannon Light Cannon Launcher Grenade Launcher Impact Weapon Great Maul Special Melee Weapon Improved Datajack Build | -11 -10 -9 -8 -7 ------- Run | Yrd Mat Mat Mat Fac Slots Evolved 6 | . . 2 2 2 Power . | . . . . . Propulsion 4 | . . 1 1 2 Utility 2 | . . 1 1 . Weapon . | . . . . . Parts Attached 37 | 6 . 15 7 9 Power 3 | 1 . 1 1 . Engine 1 | 1 . . . . Core 2 | . . 1 1 . Reactor . | . . . . . Propulsion 12 | 2 . 3 1 6 Treads 6 | 2 . 3 1 . Leg . | . . . . . Wheel . | . . . . . Hover 1 | . . . . 1 Flight 5 | . . . . 5 Utility 10 | 1 . 5 3 1 Device 2 | . . 1 1 . Storage 2 | 1 . 1 . . Processor 1 | . . . 1 . Hackware 1 | . . . . 1 Protection 4 | . . 3 1 . Artifact . | . . . . . Weapon 12 | 2 . 6 2 2 Energy Gun . | . . . . . Energy Cannon 2 | . . 1 1 . Ballistic Gun 2 | 2 . . . . Ballistic Cannon 5 | . . 4 1 . Launcher 1 | . . 1 . . Special Weapon . | . . . . . Impact Weapon 1 | . . . . 1 Slashing Weapon . | . . . . . Piercing Weapon . | . . . . . Special Melee Weapon 1 | . . . . 1 Unidentified Prototypes 2 | . . 1 . 1 Parts Lost 9 | . . 4 4 1 Power 2 | . . 1 1 . Propulsion 1 | . . . 1 . Utility 3 | . . 1 1 1 Weapon 3 | . . 2 1 . Highest Loss Streak 2 | . . 2 1 1 To Critical Strikes . | . . . . . Average Slot Usage (%) 87 | . 85 90 95 73 Engine 7 | . 14 6 . . Core 3 | . . 3 8 7 Treads 24 | . 28 25 33 . Flight 4 | . . . . 31 Device 6 | . . 10 13 7 Storage 11 | . 14 11 9 7 Processor 1 | . . . 4 3 Protection 4 | . . 10 9 . Ballistic Gun 12 | . 28 4 . . Ballistic Cannon 7 | . . 17 15 . Naked Turns . | . . . . . Heaviest Build 37 | 13 13 36 37 31 Greatest Support 80 | 40 40 60 80 25 Greatest Overweight (x) 1 | . . . . 1 Average Overweight (x) . | . . . . 1 Largest Inventory Capacity 15 | 8 8 15 15 15 Average Capacity 11 | 6 8 11 15 15 Most Carried 12 | 4 6 9 12 12 Average Carried 5 | 1 4 6 8 6 Final Capacity 15 | 8 8 15 15 15 Final Carried 12 | 1 6 7 12 6 Class Distribution -------------------- 72% | Mutant 27% | Scavenger-Mutant Dominant Class ---------------- Mutant | -10/Materials Mutant | -9/Materials Scavenger-Mutant | -8/Materials Mutant | -7/Factory Resources | -11 -10 -9 -8 -7 ----------- Run | Yrd Mat Mat Mat Fac Matter Collected 1244 | 185 255 207 597 . Remotely . | . . . . . Salvage Created 1565 | . 255 631 657 22 Parts 95 | . 15 38 42 . Haulers Intercepted 5 | . 1 2 2 . Recyclers Shooed 2 | . 1 . 1 . Parts Field Recycled . | . . . . . Retrieved Matter . | . . . . . Parts Self-Destructed . | . . . . . Prevented . | . . . . . Kills | -11 -10 -9 -8 -7 ------- Run | Yrd Mat Mat Mat Fac Combat Hostiles Destroyed 30 | . 4 14 12 . Guns 7 | . 4 3 . . Cannons 20 | . . 8 12 . AOE 3 | . . 3 . . Classes Destroyed 10 | . 4 5 1 . Worker 3 | . 1 1 . 1 Builder 1 | . . . 1 . Hauler 5 | . 1 2 2 . Recycler 2 | . . 1 1 . Mechanic 1 | . . 1 . . Operator 2 | . 2 . . . Watcher 2 | . . 1 1 . Swarmer 3 | . . 3 . . Grunt 16 | . 4 5 7 . Sentry 11 | . . 6 5 . Best Kill Streak 7 | . 2 7 6 1 Combat Bots Only 4 | . 1 4 3 . Max Kills in Single Turn 2 | . 1 2 1 1 Gunslinging . | . . . . . Exploded 2 | . . 2 . . Melee . | . . . . . Uniques/NPCs Destroyed . | . . . . . Combat | -11 -10 -9 -8 -7 -------- Run | Yrd Mat Mat Mat Fac Hostile Shots Fired 149 | . 14 62 73 . Missed 38 | . 3 12 23 . Damage Taken 1820 | . 218 716 827 59 Core 121 | . 15 51 55 . Absorbed by Shields . | . . . . . Core Remaining (%) 92 | 100 94 87 90 . Volleys Fired 150 | . 46 43 61 . Largest 2 | . 2 2 2 . Hottest 103 | . 40 74 103 . Shots Fired 271 | . 92 76 103 . Gun 118 | . 92 26 . . Cannon 148 | . . 45 103 . Launcher 5 | . . 5 . . Special . | . . . . . Kinetic 252 | . 92 71 89 . Thermal 14 | . . . 14 . Explosive 5 | . . 5 . . Electromagnetic . | . . . . . Robot Hit Streak 13 | . 8 10 13 . Robot Miss Streak 5 | . 5 4 3 . Penetration Max . | . . . . . Secondary Targets . | . . . . . Shots Hit Robots 184 | . 60 48 74 2 Core Hits 79 | . 20 29 30 . Critical Kills . | . . . . . Critical Parts Destroyed 2 | . 2 . . . Critical Strikes 9 | . 2 2 5 . Destroy 2 | . 2 . . . Blast 7 | . . 2 5 . Melee Attacks 17 | . . . . 17 Impact 15 | . . . . 15 Slashing . | . . . . . Piercing . | . . . . . Sneak Attacks 1 | . . . . 1 Combat Hostiles . | . . . . . Follow-up Attacks . | . . . . . Damage Inflicted 3095 | . 637 1026 1342 90 Guns 837 | . 634 203 . . Cannons 1865 | . . 523 1342 . Explosions 300 | . . 300 . . Melee 90 | . . . . 90 Ramming 3 | . 3 . . . Kinetic 2498 | . 634 726 1138 . Thermal 204 | . . . 204 . Explosive 300 | . . 300 . . Electromagnetic . | . . . . . Impact 90 | . . . . 90 Slashing . | . . . . . Piercing . | . . . . . Highest Corruption 1 | . . . . 1 Average Corruption 1 | . . . . 1 Corruption Purged . | . . . . . Corruption Blocked . | . . . . . Overload Shots . | . . . . . Overflow Damage 106 | . . 56 . 50 Projectiles 28 | . . 28 . . Explosions 28 | . . 28 . . Melee 50 | . . . . 50 Knockbacks 23 | . . 6 17 . Impact . | . . . . . Kinetic 19 | . . 6 13 . Secondary 4 | . . . 4 . Self-Inflicted Damage 24 | . . 24 . . Shots 1 | . . 1 . . Rammed 1 | . 1 . . . Targets Rammed 1 | . 1 . . . Kicked . | . . . . . Crushed . | . . . . . Highest Temperature 325 | . 12 90 325 . Average Temperature 63 | . 6 23 89 . Received Heat Transfer 753 | . 69 306 378 . Effects 2 | . . . 2 . Shutdowns 1 | . . . 1 . Damage (minor) 1 | . . . 1 . Siege Activations . | . . . . . Robots Corrupted . | . . . . . Combat Hostiles . | . . . . . Parts Fried 1 | . . . . 1 Impact Corruptions 2 | . . . . 2 Robots Melted . | . . . . . Combat Hostiles . | . . . . . Parts Melted 2 | . . . 2 . Heat Transferred 370 | . . . 370 . Parts Sabotaged . | . . . . . Parts Stolen . | . . . . . Parts Stripped . | . . . . . Power Chain Reactions . | . . . . . Alert | -11 -10 -9 -8 -7 ------- Run | Yrd Mat Mat Mat Fac Peak Influence 353 | . 107 311 353 177 Initial 140 | . . 21 131 140 Average 131 | . 54 171 227 144 Maximum Alert Level 1 | . . 1 1 . Low Security (%) 81 | 100 100 74 44 100 Level 1 18 | . . 25 55 . Level 2 . | . . . . . Level 3 . | . . . . . Level 4 . | . . . . . Level 5 . | . . . . . High Security . | . . . . . Max Security . | . . . . . Squads Dispatched 6 | . 2 . 2 2 Investigation 4 | . . . 2 2 Extermination . | . . . . . Reinforcement 2 | . 2 . . . Assault . | . . . . . Garrison . | . . . . . Intercept . | . . . . . Searches Triggered . | . . . . . Construction Impeded . | . . . . . Haulers Reinforced . | . . . . . Active Scanning Responses . | . . . . . Cargo Convoy Interrupts . | . . . . . Stealth | -11 -10 -9 -8 -7 --------- Run | Yrd Mat Mat Mat Fac Distress Signals 4 | . . 1 3 . Communications Jammed . | . . . . . Distress Signals . | . . . . . Times Spotted 63 | . 20 17 21 5 Peak Tracking Total 6 | . 3 4 4 6 Tactical Retreats 3 | . 1 . 2 . Traps | -11 -10 -9 -8 -7 ------- Run | Yrd Mat Mat Mat Fac Traps Triggered 5 | . 3 1 1 . Indirectly . | . . . . . Trap Hack Attempts . | . . . . . Triggered . | . . . . . Disarmed . | . . . . . Reprogrammed 6 | . 6 . . . Reused . | . . . . . Traps Extracted . | . . . . . Installed . | . . . . . Triggered . | . . . . . Machines | -11 -10 -9 -8 -7 ---------- Run | Yrd Mat Mat Mat Fac Machines Disabled 1 | . 1 . . . Max in Single Turn 1 | . 1 . . . Machines Repaired . | . . . . . Machines Dismantled . | . . . . . Machines Sabotaged . | . . . . . Overloaded Fab Kills . | . . . . . Hacking | -11 -10 -9 -8 -7 --------- Run | Yrd Mat Mat Mat Fac Machines Accessed 6 | . 1 1 2 2 Terminals 4 | . 1 1 1 1 Fabricators 1 | . . . . 1 Repair Stations . | . . . . . Recycling Units . | . . . . . Scanalyzers 1 | . . . 1 . Garrison Access . | . . . . . Total Hacks 19 | . 4 1 6 8 Successful 14 | . 3 1 6 4 Failed 5 | . 1 . . 4 Catastrophic 1 | . . . . 1 Database Lockouts . | . . . . . Manual 5 | . 2 1 1 1 Terminals 10 | . 4 1 2 3 Fabricators 5 | . . . . 5 Repair Stations . | . . . . . Recycling Units . | . . . . . Scanalyzers 4 | . . . 4 . Garrison Access . | . . . . . Terminal Hacks 4 | . 2 . 1 1 Part Schematic 1 | . 1 . . . Reprogram Traps 1 | . 1 . . . Recall Investigation 1 | . . . . 1 Hauler Manifests 1 | . . . 1 . Fabricator Hacks 3 | . . . . 3 Network Status 1 | . . . . 1 Load Schematic 1 | . . . . 1 Build 1 | . . . . 1 Repair Station Hacks . | . . . . . Recycling Unit Hacks . | . . . . . Scanalyzer 4 | . . . 4 . Insert Component 2 | . . . 2 . Analyze 2 | . . . 2 . Garrison Access Hacks . | . . . . . Unauthorized Hacks 3 | . 1 1 1 . Terminals 3 | . 1 1 1 . Botnet 3 | . 1 1 1 . Fabricators . | . . . . . Repair Stations . | . . . . . Recycling Units . | . . . . . Scanalyzers . | . . . . . Garrison Access . | . . . . . Data Cores Recovered . | . . . . . Used . | . . . . . Hacking Detections 6 | . 1 1 2 2 Full Trace Events 4 | . 1 . 1 2 Feedback Events . | . . . . . Feedback Blocked . | . . . . . Robot Schematics Acquired . | . . . . . Robots Built . | . . . . . Authchips . | . . . . . Time . | . . . . . Total Robot Build Rating . | . . . . . Part Schematics Acquired 3 | . 1 . 2 . Parts Built 1 | . . . . 1 Authchips . | . . . . . Time 49 | . . . . 49 Total Part Build Rating 2 | . . . . 2 Parts Repaired . | . . . . . Time . | . . . . . Parts Recycled . | . . . . . Recycled Matter . | . . . . . Retrieved Matter . | . . . . . Retrieved Components . | . . . . . Parts Scanalyzed 2 | . . . 2 . Part Schematics Acquired 2 | . . . 2 . Parts Damaged . | . . . . . Bothacking | -11 -10 -9 -8 -7 ------------ Run | Yrd Mat Mat Mat Fac Used RIF Installer . | . . . . . Robots Hacked 1 | . . . . 1 Non-combat 1 | . . . . 1 Combat . | . . . . . Robot Hacks Applied 1 | . . . . 1 parse_system 1 | . . . . 1 Relay Couplers Released . | . . . . . Fabnet Peak Effective % . | . . . . . Robots Rewired . | . . . . . Allies Hacked . | . . . . . Hacks Repelled . | . . . . . Allies | -11 -10 -9 -8 -7 -------- Run | Yrd Mat Mat Mat Fac Total Allies . | . . . . . Largest Group . | . . . . . Highest-Rated Group . | . . . . . Highest-Rated Ally . | . . . . . Total Orders . | . . . . . Ally Attacks . | . . . . . Total Damage . | . . . . . Kills . | . . . . . Allies Corrupted . | . . . . . Allies Melted . | . . . . . Intel | -11 -10 -9 -8 -7 ------- Run | Yrd Mat Mat Mat Fac Robot Analysis Total . | . . . . . Derelict Logs Recovered . | . . . . . Drone Launches . | . . . . . Drone Recoveries . | . . . . . Exploration | -11 -10 -9 -8 -7 ------------- Run | Yrd Mat Mat Mat Fac Turns Passed 2734 | 66 1048 649 604 367 Spaces Moved 1369 | 41 541 275 237 275 Core 10 | 10 . . . . Treads 1084 | 31 541 275 237 . Legs . | . . . . . Wheels . | . . . . . Hover . | . . . . . Flight 275 | . . . . 275 Fastest Speed 50 | 50 160 160 160 98 Average Speed 147 | 133 160 160 160 100 Slowest Speed 160 | 160 160 160 160 101 Overloaded Moves . | . . . . . Propulsion Burnouts . | . . . . . Robots Hopped . | . . . . . Cave-ins Triggered 1 | . . . . 1 Exploration Rate (%) 22 | 3 46 32 22 8 Regions Visited 4 Branch Regions . Pre-discovered Areas . | . . . . . Known Exits Taken 1 | . . . 1 . Unknown Exits Taken 3 | 1 1 1 . . Scrap Searched . | . . . . . Spaces Dug 13 | . . . . 13 Terrain Destroyed 51 | . . 38 . 13 Melee 13 | . . . . 13 Projectile 3 | . . 3 . . AOE 35 | . . 35 . . Terrain Rammed . | . . . . . Walls Destroyed . | . . . . . Machines Disabled . | . . . . . Actions | -11 -10 -9 -8 -7 --------- Run | Yrd Mat Mat Mat Fac Total 1802 | 53 640 410 359 340 Wait 177 | . 48 57 43 29 Move 1365 | 40 540 274 236 275 Hop . | . . . . . Pick Up 40 | 7 5 15 11 2 Fast Attach . | . . . . . Attach 29 | 6 . 8 6 9 Detach 1 | . . . . 1 Swap 8 | . . 7 1 . Drop 14 | . . 6 1 7 Fire 150 | . 46 43 61 . Melee 17 | . . . . 17 Ram . | . . . . . Kick . | . . . . . Crush 1 | . 1 . . . Escape Stasis . | . . . . . Rewire . | . . . . . Trap . | . . . . . Miscellaneous . | . . . . . Route ------- -11/Scrapyard -10/Materials (discovered 2 exits: *Mat / [*Min]) -9/Materials -8/Materials -7/Factory History --------- Turn | Location | Event 3 | -11/Scrapyard | Discovered new exit (range 16) 67 | -11/Scrapyard | Entered Materials 205 | -10/Materials | Discovered new exit (range 15) 315 | -10/Materials | Build established: Mutant 482 | -10/Materials | Discovered new exit (range 7) 1115 | -10/Materials | Entered another Materials area 1115 | -9/Materials | Evolved 2 slots: Propulsion x1, Utility x1 1730 | -9/Materials | Discovered new exit (range 16) 1764 | -9/Materials | Entered another Materials area 1764 | -8/Materials | Evolved 2 slots: Propulsion x1, Utility x1 1914 | -8/Materials | Build established: Scavenger-Mutant 2350 | -8/Materials | Discovered new exit (range 12) 2366 | -8/Materials | Identified exit to Factory 2368 | -8/Materials | Entered Factory 2368 | -7/Factory | Evolved 2 slots: Propulsion x2 2553 | -7/Factory | Fabricated Imp. Flight Unit? 2555 | -7/Factory | Crushed by falling debris 2677 | -7/Factory | Build established: Mutant 2735 | -7/Factory | Self-destructed Last Messages --------------- 02569_ ALERT: Suspicious activity at Terminal F015. Dispatching Investigation squad. 02574_ Sneak attack on K-01 Serf. 02574_ Destroyed Wheel. 02574_ Destroyed Lgt. Ion Engine. 02574_ K-01 Serf system corrupted by crushing effect. 02575_ K-01 Serf system terminally corrupted. 02575_ Wheel fried. 02617_ Acquired Imp. Flight Unit. 02619_ Fabricator unresponsive. 02712_ ALERT: All DSF locations entering lockdown mode. 02715_ Jacked W-25 Informer... Right-click on available options for more info. Keyboard players can use Shift-a~z. >>parse_system Reading system data... 02728_ K-01 Serf cleans the Subcomponent Replicator. Map ----- +----------------------------------------------------+ | | | | | | | | | | | | | ??????????????????????????????#################?## | | ??????????????????????????????# """T""" #? | | ??????????????????????????????# ## " | | ??????????????????????????????# "" """" ## " | | ??????????????????????????????? "" """" ## " | | ?????????????????????????????????""" """" ## | | ???????????????????????????????????" """" ## " | | ???????????????????????????????????" """" ## " | | ???????????????????????????????????? """" %" " | | ?????????????????????????????????? ## | | ???????????????? ????????????# ## | | ????????????????#/####?########+######/######### | | ?????????????????ss ? ######### | | ???????????? ???? s ^ | | ???????????? ?""" "" "" ? | | ??????????? "Y" "" "" | | ???????????? """ """ ######### | | ??????????????# !!! """ """ ###+##########?? | | ??????????????#= !!! """ """ # ### | | ??????????????# !!! @ # ## | | ??????????????+ "" "" !# """ """ ## | | ??????????????#^ "" "" # """ """ ## | | ??????????????# """ """ # """ """ "" | | ??????????????# """ """ # ## | | ??????????????# """ """ """ # ## | | ??????????????#? """ k ################ | | ??????????????????"" "" "" ??????????????? | | ??????????????????"" ???" "" ?????????????? | | ?????????????????? ? ????"" """ ????????????? | | ?????????????????????????"" """ ????????????? | | ??????????????????????????" "?" ???????????? | | ??????????????????????????? ? #####??????????? | | ??????????????????????????? "?? #??????????????? | | ??????????????????????????? ??? #??????????????? | | ??????????????????????????? ??? ???????????????? | | ?????????????????????????????????????????????????? | | ?????????????????????????????????????????????????? | | ?????????????????????????????????????????????????? | | ?????????????????????????????????????????????????? | | ?????????????????????????????????????????????????? | | ?????????????????????????????????????????????????? | | ?????????????????????????????????????????????????? | | ?????????????????????????????????????????????????? | | ?????????????????????????????????????????????????? | +----------------------------------------------------+ Best States ------------- Heat Dissipation 34 Energy Generation 14 Energy Capacity 250 Matter Stores 300 Matter Capacity 300 Sight Range 16 Robot Scan Range 15 Terrain Scan Density 10 Armor Coverage 150 Evasion (%) 50 Recoil Reduction 4 Offensive Hacking 10 Item Schematics ----------------- Lrg. Storage Unit | -10/Materials | Hacked Imp. Flight Unit | -8/Materials | Scanalyzed Imp. Sensor Array | -8/Materials | Scanalyzed Robot Schematics ------------------ None Fabricated ------------ Imp. Flight Unit | x1 | -7/Factory Alien Tech Used ----------------- None Achievements -------------- None Challenges ------------ None Game ------ Seed MeleeSingularityTendrils Manual? 0 Play Time 00:21:41 Cumulative 80.5 hours Start 2024.04.13 @ 01:58:13 End 2024.04.13 @ 02:18:41 Sessions 1 Manual Loads 0 Difficulty Rogue Special Mode None Game No. 92 Rogue 92 Adventurer 0 Explorer 0 Win Type - Total 1 Types 1/0/0/0/0/0/0/0/0 Lore% 41 Gallery% 46 Achievement% 43 Wizard Run 0 Options --------- Layout 1 ASCII 0 Keyboard 0 Movement Mouse Keybinds 0 Fullscreen 2 Font 32/Smallcaps Map View 50x40 Zoom Use 0% Tactical HUD 1 Map Filters NONE Filters NONE Steam 1 RUN: 004ce337-5fbb-4b6f-b35b-4781776b8d2e